 Dungeon Crawl Stone Soup version 0.26-a0-757-g626ac9e51a (webtiles) character file.

Game seed: 17771466447894384138

19 jasper the Caller (level 2, 0/19 HPs)
             Began as a Mummy Summoner on Nov 7, 2020.
             Slain by an orc
             ... wielding a +0 mace
              (5 damage)
             ... on level 2 of the Dungeon.
             The game lasted 00:02:26 (1684 turns).

jasper the Caller (Mummy Summoner)                  Turns: 1684, Time: 00:02:27

Health: 0/19       AC:  2    Str: 11    XL:     2   Next: 55%
Magic:  1/5        EV: 12    Int: 14    God:
Gold:   106        SH:  0    Dex: 12    Spells: 3/6 levels left

rFire    x . .     SeeInvis .   k - +0 trident
rCold    + . .     Faith    .   (no shield)
rNeg     + + +     Spirit   .   a - +0 robe
rPois    ∞         Reflect  .   (no helmet)
rElec    .         Harm     .   (no cloak)
rCorr    .         Rampage  .   (no gloves)
MR       .....                  (no boots)
Stlth    ++........             (no amulet)
HPRegen  0.06/turn              (no ring)
MPRegen  0.09/turn              (no ring)

@: no status effects
A: no potions, fire vulnerability, cold resistance 1, negative energy resistance
3, torment resistance, unbreathing
a: no special abilities


You were on level 2 of the Dungeon.
You visited 1 branch of the dungeon, and saw 2 of its levels.

You collected 106 gold pieces.

Inventory:

Hand Weapons
 k - a +0 trident (weapon)
Missiles
 c - 132 stones (quivered)
Armour
 a - a +0 robe (worn)
 i - a +0 ring mail
Scrolls
 b - a scroll of remove curse {unknown}
 d - a scroll of random uselessness {unknown}
 e - 4 scrolls of identify {unknown}
 f - a scroll of teleportation {unknown}
 g - a scroll of noise {unknown}
 h - a scroll of fear {unknown}
 l - a scroll of blinking {unknown}


   Skills:
 - Level 1.5 Dodging
 - Level 1.5 Stealth
 - Level 2.6 Spellcasting
 + Level 3.9 Summonings


You had 3 spell levels left.
You knew the following spells:

 Your Spells              Type           Power        Failure   Level
a - Summon Small Mammal   Summ           ##..         4%          1
b - Call Imp              Summ           ##......     7%          2

Your spell library contained the following spells:

 Spells                   Type           Power        Failure   Level
 Call Canine Familiar     Summ           ##......     13%         3
 Summon Guardian Golem    Hex/Summ       #.......     30%         3
 Summon Ice Beast         Ice/Summ       #.......     69%         4
 Summon Lightning Spire   Summ/Air       #.......     69%         4


Dungeon Overview and Level Annotations

Branches:
Dungeon (2/15)

Altars:


Innate Abilities, Weirdness & Mutations

You do not drink.
Your flesh is vulnerable to fire.
You are immune to poison.
Your flesh is cold resistant. (rC+)
You are immune to negative energy. (rN+++)
You are immune to unholy pain and torment.
You can survive without breathing.


Message History

The orc throws a boomerang.
The boomerang misses your crimson imp. The boomerang closely misses you.
The weapon returns to the orc!
The orc throws a boomerang.
The boomerang barely misses your crimson imp.
The boomerang barely misses you.
You close the door.
You start resting.
The orc throws a boomerang.
The boomerang barely misses you.
The weapon returns to the orc!
You close the door.
You start resting.
An orc opens the door.
It is wielding a +0 hand axe.
There's a creature in the doorway!
Casting: Call Imp (safe; 7% risk of failure)
Confirm with . or Enter, or press ? or * to list all spells.
A beastly little devil appears in a puff of flame.
The orc hits your crimson imp.
The orc hits your crimson imp with a +0 hand axe.
The orc hits you with a +0 mace.
You die...

..##.........##
.(..........###
.(.........'.
#.###....)....#
g............# #(.o..#
##o5.## ##o## #@# #.#
##.## ##...## ##.....#
..######.....##
.........#..##########
..######....##........
#.#.....#######


You could see 3 orcs and a friendly crimson imp (summoned).

Vanquished Creatures
  A worm (D:2)
  3 hobgoblins (D:2)
  A kobold (D:2)
  A bat (D:2)
  A frilled lizard (D:1)
  A goblin (D:2)
  A rat (D:2)
9 creatures vanquished.

Vanquished Creatures (collateral kills)
  A dart slug (D:1)
  A goblin (D:1)
  2 hobgoblins
  A bat (D:2)
  A frilled lizard (D:1)
  4 kobolds
  A rat (D:1)
11 creatures vanquished.

Grand Total: 20 creatures vanquished

Notes
Turn   | Place    | Note
-------+----------+-------------------------------------------
     0 | D:1      | jasper the Mummy Summoner began the quest for the Orb.
     0 | D:1      | Reached XP level 1. HP: 13/13 MP: 4/4
  1115 | D:2      | Reached XP level 2. HP: 19/19 MP: 0/5
  1119 | D:2      | Learned a level 2 spell: Call Imp
  1684 | D:2      | Slain by an orc

Illustrated notes

Levels and vault maps discovered:
D:1:      elethiomel_arrival_shortcut, layout_basic
D:2:      layout_loops_corners

Action                   || total
-------------------------++-------
Melee: Unarmed           ||     4
       Trident           ||     8
Throw: Stone             ||     3
       Dart              ||    21
 Cast: Summon Small Mamm ||    30
       Call Imp          ||     8
Armor: Robe              ||     3
Dodge: Dodged            ||    16

Table legend: (Time is in decaauts)
 A = Elapsed time spent in this place.
 B = Non-inter-level travel time spent in this place.
 C = Inter-level travel time spent in this place.
 D = Time resting spent in this place.
 E = Time spent auto-exploring this place.
 F = Levels seen in this place.
 G = Mean time per level.
                   A        B        C        D        E       F      G
               +--------+--------+--------+--------+--------+-----+--------+
         Total |   1688 |   1684 |      4 |    411 |   1015 |   2 |  844.0 |
       Dungeon |   1688 |   1684 |      4 |    411 |   1015 |   2 |  844.0 |
               +--------+--------+--------+--------+--------+-----+--------+

Top non-repeatable levels by time:
     D:2: 938 daAuts
     D:1: 750 daAuts
